 Dungeon Crawl Stone Soup version 0.29-a0-559-g359e09b9d1 (webtiles) character file.

Game seed: 10987520128486333286

2720 mandarbmax the Geomancer (level 10, -29/83 HPs)
             Began as a Meteoran Earth Elementalist on June 11, 2022.
             Was an Initiate of Ashenzari.
             Killed by an exploding orc warrior (39 damage)
             ... ignited by their inner flame
             ... on level 8 of the Dungeon.
             The game lasted 00:29:29 (3499 turns).

mandarbmax the Geomancer (MeEE)                     Turns: 3499, Time: 00:29:30

Health: -29/83     AC:  4    Str:  6    XL:     10   Next: 18%
Magic:  1/15       EV: 18    Int: 22    God:    Ashenzari [......]
Gold:   421        SH:  0    Dex: 24    Spells: 6/15 levels left

rFire   . . .      SeeInvis .   g - +0 dagger (vamp)
rCold   . . .      Faith    .   (no shield)
rNeg    + . .      Spirit   .   b - +0 robe
rPois   .          Reflect  .   r - +0 helmet
rElec   .          Harm     .   (no cloak)
rCorr   .          Rampage  .   z - +0 pair of gloves
Will    +....                   (no boots)
Stlth   +.........              (no amulet)
HPRegen 0.23/turn               f - +6 ring of dexterity
MPRegen 0.14/turn               x - ring "Roigamy" {Wiz rN+ Str-4 Dex+4}

@: glowing
A: sense surroundings 2, otherworldly, glowing, explore regen
a: Renounce Religion


You were on level 8 of the Dungeon.
You worshipped Ashenzari.
Ashenzari was noncommittal.
You visited 1 branch of the dungeon, and saw 8 of its levels.

You collected 421 gold pieces.

Inventory:

Hand Weapons
 g - a +0 vampiric dagger (weapon)
 o - a +2 hand axe of electrocution
Missiles
 a - 56 stones
 w - 2 throwing nets
Armour
 b - a +0 robe (worn)
 r - a +0 helmet (worn)
 z - a +0 pair of gloves (worn)
Magical Staves
 n - a staff of air
 s - a staff of poison
Jewellery
 f - a +6 ring of dexterity (left hand)
 x - the ring "Roigamy" (right hand) {Wiz rN+ Str-4 Dex+4}
   (You found it on level 7 of the Dungeon)

   [ring of wizardry]

   It improves your spell success rate.
   Str:       It affects your strength (-4).
   Dex:       It affects your dexterity (+4).
   rN:        It protects you from negative energy.
 A - a ring of ice
Wands
 i - a wand of paralysis (5)
 t - a wand of iceblast (7)
 B - a wand of flame (15)
Scrolls
 d - a scroll of acquirement
 j - 2 scrolls of enchant weapon
 l - a scroll of amnesia
 m - 3 scrolls of teleportation
 p - a scroll of magic mapping
 u - a scroll of fog
 y - a scroll of immolation
 C - a scroll of identify
Potions
 c - a potion of magic
 e - a potion of mutation
 h - 6 potions of attraction
 k - 2 potions of haste
 q - a potion of heal wounds
 v - 2 potions of lignification


   Skills:
 - Level 6.0 Fighting
 - Level 7.0 Dodging
 - Level 1.4 Stealth
 - Level 3.0 Spellcasting
 - Level 3.0 Conjurations
 - Level 6.0 Summonings
 - Level 1.2 Transmutations
 - Level 9.0 Earth Magic
 + Level 5.6 Evocations


You had 6 spell levels left.
You knew the following spells:

 Your Spells              Type           Power      Damage    Failure   Level
a - Sandblast             Erth           84%        2d18      1%          1
b - Stone Arrow           Conj/Erth      58%        3d10      1%          3
c - Passwall              Tmut/Erth      20%        N/A       1%          2
d - Call Canine Familiar  Summ           29%        N/A       1%          3

Your spell library contained the following spells:

 Spells                   Type           Power      Damage    Failure   Level
 Summon Small Mammal      Summ           100%       N/A       1%          1
 Sting                    Tmut/Pois      20%        1d4       4%          1
 Summon Guardian Golem    Hex/Summ       16%        N/A       4%          3
 Petrify                  Tmut/Erth      25%        N/A       6%          4
 Poisonous Vapours        Pois/Air       6%         N/A       8%          2
 Inner Flame              Hex/Fire       3%         N/A       16%         3
 Cause Fear               Hex            1%         N/A       43%         4
 Corpse Rot               Necr/Pois/Air  3%         N/A       43%         4
 Olgreb's Toxic Radiance  Pois           3%         N/A       43%         4
 Discord                  Hex            1%         N/A       100%        8


Dungeon Overview and Level Annotations

Branches:
Dungeon (8/15)
 Temple: D:4-7         Lair: D:8-11

Altars:
Ashenzari
Cheibriados
Fedhas
Gozag
Nemelex Xobeh
Okawaru
Trog
Vehumet


Innate Abilities, Weirdness & Mutations

You passively map the area around you.
You are easily found by Zot.
You glow in the dark.
You regain HP and MP as you explore.


Message History

The orc warrior hits you with a +0 mace!
Unknown command.
Unknown command.
Casting: Sandblast (safe; 1% risk of failure)
Confirm with . or Enter, or press ? or * to list all spells.
Aiming: Sandblast (safe; 1% risk of failure)
Press: ? - help, Shift-Dir - straight line, f/p - orc
Aim: an orc, wielding a +0 club (83% to hit)
The blast of sand hits the orc warrior.
The orc warrior is almost dead.
Unknown command.
You hit the orc but do no damage. The orc closely misses you.
The orc warrior barely misses you. The orc attacks as you move away!
The orc hits you with a +0 club. The orc attacks as you move away!
The orc closely misses you.
Okay, then.
Really read the scroll of immolation?
As you read the scroll of immolation, it crumbles to dust.
The creatures around you are filled with an inner flame!
The orc misses you. The orc warrior barely misses you.
You hit the orc but do no damage. The orc misses you.
The orc hits you with a +0 flail!
The orc warrior hits you with a +0 mace.
Unknown command.
You barely miss the orc. The orc hits you with a +0 club.
The orc closely misses you. The orc warrior completely misses you.
Unknown command.
You barely miss the orc. The orc hits you with a +0 club.
The orc hits you but does no damage. The orc warrior misses you.
You hit the orc.
Flame seeps out of the orc.
You feel better.
The orc is heavily wounded.
The orc hits you but does no damage.
The orc is engulfed in blazing flames.
The orc explodes!
The fiery explosion engulfs the orc!!!
The fiery explosion engulfs the orc warrior!!
The fiery explosion engulfs you!!
* * * LOW HITPOINT WARNING * * *
The orc warrior explodes!
The fiery explosion engulfs you!!!
You die...

####.......* * ###..o..)..# *
#....####### ** #...## , *
#..## *#. * #..# ##.#* #§§#
#..# #○§# # ##..# #§@# ###...#
#§§# .....# #..## ....##
##...######### ....#
####............###
#...#######.................#
#.....#.....####............##
##........# ##............##
##).....### ##....)..####.#


There were no monsters in sight!

Vanquished Creatures
  2 water moccasins
  3 ice beasts
  An orc warrior (D:8)
  3 black bears
  A sky beast (D:7)
  3 ogres
  A centaur (D:6)
  A phantom (D:4)
  A kobold brigand (D:6)
  A gnoll sergeant (D:8)
  A necrophage (D:7)
  3 scorpions
  3 wights (D:6)
  4 killer bees (D:7)
  An orc priest (D:8)
  5 hounds
  A gnoll shaman (D:8)
  3 iguanas
  Ijyb (D:3)
  Terence (D:3)
  Natasha (thrice) (D:2)
  4 orc wizards
  16 gnolls
  5 adders
  2 white imps
  2 ufetubi
  A worm (D:5)
  2 dart slugs (D:4)
  17 orcs
  5 endoplasms
  2 giant cockroaches
  3 goblins
  3 hobgoblins
  2 jackals
  8 kobolds
  A quokka (D:4)
  6 ball pythons
  A bat (D:1)
  A frilled lizard (D:3)
  4 rats
128 creatures vanquished.

Vanquished Creatures (collateral kills)
  An orc (D:8)
1 creature vanquished.

Vanquished Creatures (others)
  A fungus (D:4)
1 creature vanquished.

Grand Total: 130 creatures vanquished

Notes
Turn   | Place    | Note
-------+----------+-------------------------------------------
     0 | D:1      | mandarbmax the Meteoran Earth Elementalist began the quest
                  | for the Orb.
     0 | D:1      | Reached XP level 1. HP: 14/14 MP: 5/5
   187 | D:1      | Reached XP level 2. HP: 20/20 MP: 6/6
   263 | D:1      | Reached skill level 4 in Earth Magic
   637 | D:2      | Found a faded altar of an unknown god.
   668 | D:2      | Noticed Natasha
   671 | D:2      | Noticed a crimson imp
   672 | D:2      | Killed Natasha
   673 | D:2      | Reached skill level 5 in Earth Magic
   673 | D:2      | Reached XP level 3. HP: 13/26 MP: 4/8
   673 | D:2      | Reached XP level 4. HP: 17/33 MP: 4/9
   682 | D:2      | Learned a level 3 spell: Stone Arrow
   799 | D:2      | Noticed Natasha
   810 | D:2      | Killed Natasha
   811 | D:2      | Reached skill level 1 in Conjurations
   994 | D:2      | Noticed Natasha
   998 | D:2      | Killed Natasha
   999 | D:2      | Reached XP level 5. HP: 38/38 MP: 4/10
  1128 | D:3      | Noticed Ijyb
  1132 | D:3      | Killed Ijyb
  1206 | D:3      | Noticed Terence
  1212 | D:3      | Found a radiant altar of Vehumet.
  1219 | D:3      | Killed Terence
  1220 | D:3      | Reached skill level 6 in Earth Magic
  1231 | D:3      | Found an opulent altar of Gozag.
  1438 | D:3      | Learned a level 2 spell: Passwall
  1631 | D:4      | Noticed a phantom
  1638 | D:4      | Killed a phantom
  1639 | D:4      | Reached XP level 6. HP: 32/45 MP: 4/11
  1671 | D:4      | Reached skill level 7 in Earth Magic
  1916 | D:4      | Noticed an ogre
  1921 | D:4      | Killed an ogre
  1922 | D:4      | Reached skill level 8 in Earth Magic
  1922 | D:4      | Reached XP level 7. HP: 19/50 MP: 9/12
  2017 | D:5      | Entered Level 5 of the Dungeon
  2036 | D:5      | Learned a level 3 spell: Call Canine Familiar
  2040 | D:5      | Found a blossoming altar of Fedhas.
  2164 | D:5      | Reached skill level 1 in Summonings
  2218 | D:5      | Reached skill level 9 in Earth Magic
  2218 | D:5      | Reached XP level 8. HP: 56/57 MP: 9/13
  2283 | D:5      | Found a sparkling altar of Nemelex Xobeh.
  2366 | D:6      | Reached skill level 5 in Summonings
  2373 | D:6      | Found a snail-covered altar of Cheibriados.
  2391 | D:6      | Reached skill level 1 in Fighting
  2393 | D:6      | Gained mutation: You passively map the area around you.
                  | [Meteoran growth]
  2393 | D:6      | Reached XP level 9. HP: 62/67 MP: 4/14
  2488 | D:6      | Reached skill level 5 in Dodging
  2604 | D:6      | Reached skill level 5 in Fighting
  2907 | D:7      | Identified the ring "Roigamy" {Wiz rN+ Str-4 Dex+4}
  2942 | D:7      | Identified a scroll of acquirement
  2960 | D:7      | Found a broken altar of Ashenzari.
  3010 | D:7      | Found an iron altar of Okawaru.
  3150 | D:7      | Found a bloodstained altar of Trog.
  3178 | D:7      | Became a worshipper of Ashenzari the Shackled
  3249 | D:8      | Reached XP level 10. HP: 83/83 MP: 4/15
  3380 | D:8      | Reached skill level 5 in Evocations
  3499 | D:8      | Killed by an exploding orc warrior... ignited by their
                  | inner flame

Illustrated notes

Levels and vault maps discovered:
D:1:      evilmike_arrival_rings, layout_basic
D:2:      layout_basic, hellmonk_ecumenical_altar_zigzags, uniq_natasha
D:3:      layout_rooms, mainiacjoe_overflow_large_starburst,
          serial_co_window_serial, co_window_paths_b, co_window_corner_a,
          co_window_corner_a, co_window_paths_b, co_window_paths_a,
          co_window_broadway_b, co_window_2corner, co_window_broadway_b,
          co_window_2corner, glass_columns_c, glass_columns_a, glass_columns_c,
          glass_columns_a, chequers_serial_rivers_small_3, uniq_terence,
          uniq_ijyb
D:4:      layout_basic, minmay_temple_entry_butterflies, dreamdust_gnoll_farm
D:5:      layout_cave_pools, lemuel_crystal_altar, kennysheep_mini
D:6:      layout_cave_pools, mainiacjoe_overflow_small_starburst,
          corexii_checkpoint_a
D:7:      layout_loops_ring, nicolae_overflow_hidden_temple,
          mainiacjoe_overflow_catch_the_wave
D:8:      layout_layer_cave

Skill      XL: |  1  2  3  4  5  6  7  8  9 10 |
---------------+-------------------------------+-----
Earth Magic    | 5 6 8 9 |  9.0
Dodging        | 3 4 7 |  7.0
Conjurations   | 2 3 |  3.0
Summonings     | 2 6 |  6.0
Fighting       | 2 6 |  6.0
Spellcasting   | 3 |  3.0
Evocations     | 3 5 |  5.6
Stealth        | |  1.4
Transmutations | |  1.2

Action                   |  1- 3 |  4- 6 |  7- 9 | 10-12 || total
-------------------------+-------+-------+-------+-------++-------
Melee: Unarmed           |     5 |       |       |       ||     5
       Dagger            |     3 |     3 |    20 |     5 ||    31
 Cast: Sandblast         |    23 |    39 |    55 |    15 ||   132
       Stone Arrow       |       |    15 |    42 |    14 ||    71
       Passwall          |       |     6 |     2 |       ||     8
       Call Canine Famil |       |       |     5 |     2 ||     7
Evoke: Wand              |       |       |     1 |       ||     1
  Use: Scroll            |     1 |       |    14 |     3 ||    18
       Potion            |       |       |     1 |       ||     1
Armor: Robe              |     5 |     3 |     5 |     2 ||    15
Dodge: Dodged            |     7 |     9 |    33 |    14 ||    63

Table legend: (Time is in decaauts)
 A = Elapsed time spent in this place.
 B = Non-inter-level travel time spent in this place.
 C = Inter-level travel time spent in this place.
 D = Time resting spent in this place.
 E = Time spent auto-exploring this place.
 F = Levels seen in this place.
 G = Mean time per level.
                   A        B        C        D        E       F      G
               +--------+--------+--------+--------+--------+-----+--------+
         Total |   3496 |   3219 |    277 |     39 |      0 |   8 |  437.0 |
       Dungeon |   3496 |   3219 |    277 |     39 |      0 |   8 |  437.0 |
               +--------+--------+--------+--------+--------+-----+--------+

Top non-repeatable levels by time:
     D:2: 571 daAuts
     D:3: 530 daAuts
     D:1: 478 daAuts
     D:8: 442 daAuts
     D:4: 435 daAuts
     D:7: 414 daAuts
     D:6: 323 daAuts
     D:5: 300 daAuts
